 Dungeon Crawl Stone Soup version 0.19-a0-1626-g5215c36 (webtiles) character file.

7344 Goblin1989 the Basher (level 10, -2/63 HPs)
             Began as a Demonspawn Fighter on Sept 18, 2016.
             Was an Elder of Hepliaklqana.
             Slain by a hill giant
             ... wielding a +0 giant club
              (32 damage)
             ... on level 10 of the Dungeon.
             The game lasted 00:34:37 (9203 turns).

Goblin1989 the Basher (Demonspawn Fighter)          Turns: 9203, Time: 00:34:37

Health: -2/63      AC: 21    Str: 20    XL:     10   Next: 91%
Magic:  10/10      EV:  3    Int:  9    God:    Hepliaklqana [****..]
Gold:   713        SH: 10    Dex: 13    Spells: 0 memorised, 9 levels left

rFire  . . .     SeeInvis .     a - +0 flail
rCold  . . .     Gourm    .     m - +0 plate armour
rNeg   + . .     Faith    .     c - +1 shield
rPois  .         Spirit   .     (helmet restricted)
rElec  .         Dismiss  .     h - +0 cloak
rCorr  .         Reflect  .     i - +0 pair of gloves (curse)
MR     +....     Harm     .     N - +2 pair of boots
Stlth  ..........               t - amulet of regeneration
                                u - ring of positive energy
                                s - +3 ring of protection

@: no status effects
A: reduced essence, horns 2, thin metallic scales 1, magic resistance 1, powered
by death 2
a: Recall Ancestor, Ancestor Identity, Transference, Idealise, Renounce Religion


You were on level 10 of the Dungeon.
You worshipped Hepliaklqana.
Hepliaklqana was greatly pleased with you.
You were not hungry.

You visited 1 branch of the dungeon, and saw 10 of its levels.
You also visited: Bailey.

You collected 713 gold pieces.

Inventory:

Hand Weapons
 a - a +0 flail (weapon)
Missiles
 n - 19 javelins of returning (quivered)
Armour
 c - a +1 shield (worn)
 h - a +0 cloak (worn)
 i - a cursed +0 pair of gloves (worn)
 m - a +0 plate armour (worn)
 N - a +2 pair of boots (worn)
Jewellery
 l - an uncursed amulet of guardian spirit {unknown}
 s - a +3 ring of protection (left hand)
 t - an amulet of regeneration (around neck)
 u - a ring of positive energy (right hand)
 M - an uncursed ring of flight {unknown}
Wands
 k - a wand of confusion (29/48)
 F - a wand of digging (10/24)
 I - a wand of lightning (6/15)
 K - a wand of disintegration (19/24)
Scrolls
 b - a scroll of holy word {unknown}
 d - a scroll of acquirement {unknown}
 g - 8 scrolls of identify {unknown}
 j - 3 scrolls of teleportation
 p - a scroll of enchant armour
 x - 2 scrolls of enchant weapon {unknown}
 y - a scroll of magic mapping {unknown}
 B - 2 scrolls of blinking {unknown}
 C - 4 scrolls of remove curse {unknown}
 E - 2 scrolls of brand weapon {unknown}
 G - a scroll of torment {unknown}
 H - 2 scrolls of fear {unknown}
 J - a scroll of amnesia
 P - a scroll of fog
Potions
 e - a potion of mutation {unknown}
 o - a potion of heal wounds
 q - 2 potions of curing
 z - a potion of degeneration {unknown}
 A - a potion of might
 D - 2 potions of flight {unknown}
 O - a potion of brilliance {unknown}
Books
 v - a book of Unlife

   Spells                             Type                      Level
   a - Recall                         Summoning/Translocation      3
   b - Animate Dead                   Necromancy                   4
   c - Control Undead                 Necromancy                   4
   d - Cigotuvi's Embrace             Necromancy                   5
   e - Death Channel                  Necromancy                   6
   f - Simulacrum                     Ice/Necromancy               6
 w - a book of the Earth

   Spells                             Type                      Level
   a - Leda's Liquefaction            Hexes/Earth                  4
   b - Bolt of Magma                  Conjuration/Fire/Earth       5
   c - Statue Form                    Transmutation/Earth          6
   d - Iron Shot                      Conjuration/Earth            6
   e - Shatter                        Earth                        9
Comestibles
 f - 9 bread rations
 r - 2 beef jerkies
 L - 3 fruits


   Skills:
 - Level 3.0 Fighting
 + Level 14.7 Maces & Flails
 - Level 2.6 Armour
 - Level 2.6 Shields


You had 9 spell levels left.
You didn't know any spells.

Dungeon Overview and Level Annotations

Branches:
Dungeon (10/15)            Temple (0/1) D:6            Lair (0/6) D:8
    Orc: D:9-12

Altars:
Cheibriados
Hepliaklqana
Sif Muna
Trog
Yredelemnul
The Shining One

Annotations:
D:8 Prince Ribbit


Innate Abilities, Weirdness & Mutations

You have a pair of horns on your head.
You are partially covered in thin metallic scales. (AC +2)
You regenerate health from kills.
Your life essence is reduced. (-10% HP)
You are resistant to hostile enchantments. (MR+)


Message History

The centaur shoots an arrow.
You block the arrow.
The centaur shoots an arrow.
The arrow hits you!
* * * LOW HITPOINT WARNING * * *
You see here an arrow.
You take 6 damage, and have 10/62 hp.
An ogre comes into view. It is wielding a giant club.
The ogre shouts!
The centaur wields a shortbow.
The centaur shoots an arrow.
You block the arrow.
You see here an arrow.
You feel much better.
You regained 17 hp, and now have 29/63 hp.
You sock the hill giant! Your headbutt misses the hill giant.
The hill giant is almost dead.
The hill giant completely misses you.
You hit the hill giant but do no damage.
The hill giant is almost dead.
The hill giant hits you with a giant club!!
Ouch! That really hurt!
You die...

.......#........())#
...........###.........#
.......#...............#
.......#.#.#..##.......#.
..[....#.....###.......#.#
.......#..#.## #.......#.#
.......#.#..## #.......#.# ######
#####.)......###.......#.###....(
.......)......##@# ####......###.
###....†...O...#C###....T..(...cc
#............#c#........(######
#.............cZ(.c......##
##.............)..c.......##
#....##...###.#.#.......(.#
.§..########......#.......#...#
.§... #......#.......###..# .§...
#......#.......# #..


You could see a hill giant, 2 centaurs and a bullfrog skeleton.

Vanquished Creatures
  The ghost of CcS the Destroyer, a novice TeCj (D:4)
  Grinder (D:4)
  2 hippogriffs
  A spriggan (D:7)
  Sigmund (D:5)
  A steam dragon (D:9)
  Menkaure (D:6)
  A water moccasin (D:9)
  4 orc warriors
  An ice beast (D:9)
  2 sky beasts
  4 ogres
  2 phantoms
  4 centaurs
  Blork the orc (D:6)
  3 big kobolds
  2 bullfrogs
  3 wights (D:8)
  A howler monkey (D:10)
  A centaur zombie (D:6)
  4 crimson imps
  An orc priest (D:6)
  A jelly (D:8)
  A bullfrog skeleton (D:5)
  2 hounds
  4 orc wizards
  3 worker ants
  A hound zombie (D:8)
  A hound skeleton (D:6)
  7 adders
  A gnoll (D:9)
  A shadow imp (D:8)
  2 adder skeletons
  5 worms
  2 dart slugs
  3 leopard geckos
  22 orcs
  A giant cockroach (D:7)
  9 goblins
  9 hobgoblins
  10 jackals
  2 quokkas
  A ball python (D:1)
  10 bats
  6 frilled lizards
  A jackal skeleton (D:6)
  14 kobolds
  2 quokka skeletons
  3 rats
166 creatures vanquished.

Vanquished Creatures (collateral kills)
  The ghost of sveltemanboy the Carver, a journeyman DsGl of Hepliaklqana (Bailey)
  A hippogriff (D:8)
  7 orc warriors (Bailey)
  2 ice beasts
  A necrophage (D:9)
  An ogre (D:8)
  8 centaurs
  A big kobold (D:7)
  5 wights (D:8)
  2 crimson imps
  A quasit (D:10)
  2 orc priests
  A hound (D:9)
  A centaur skeleton (D:10)
  An orc wizard (D:6)
  A killer bee zombie (D:9)
  2 gnolls (D:9)
  2 adders
  30 orcs
  7 kobolds
77 creatures vanquished.

Vanquished Creatures (others)
  7 battlemagi
7 creatures vanquished.

Grand Total: 250 creatures vanquished

Notes
Turn   | Place    | Note
-------+----------+-------------------------------------------
     0 | D:1      | Goblin1989 the Demonspawn Fighter began the quest for the Orb.
     0 | D:1      | Reached XP level 1. HP: 18/18 MP: 1/1
    99 | D:1      | Reached skill level 2 in Maces & Flails
   387 | D:1      | Gained mutation: You have a pair of small horns on your head. [demonic ancestry]
   387 | D:1      | Reached XP level 2. HP: 23/24 MP: 2/2
  1048 | D:2      | Reached skill level 3 in Maces & Flails
  1164 | D:2      | Gained mutation: You regenerate a little health from kills. [demonic ancestry]
  1164 | D:2      | Reached XP level 3. HP: 29/29 MP: 3/3
  1661 | D:2      | Found a deep blue altar of Sif Muna.
  1972 | D:3      | Found a faded altar of an unknown god.
  2003 | D:3      | Reached XP level 4. HP: 23/35 MP: 4/4
  2225 | D:3      | Reached skill level 4 in Maces & Flails
  3255 | D:4      | Gained mutation: You are partially covered in thin metallic scales. (AC +2) [demonic ancestry]
  3255 | D:4      | Reached XP level 5. HP: 41/41 MP: 5/5
  3418 | D:4      | Reached skill level 5 in Maces & Flails
  3491 | D:4      | Found a hazy altar of Hepliaklqana.
  3499 | D:4      | Became a worshipper of Hepliaklqana
  3612 | D:4      | Noticed Grinder
  3624 | D:4      | Killed Grinder
  3624 | D:4      | Reached skill level 6 in Maces & Flails
  3624 | D:4      | Gained mutation: You have a pair of horns on your head. [demonic ancestry]
  3624 | D:4      | Reached XP level 6. HP: 22/42 MP: 6/6
  3742 | D:4      | Noticed CcS's ghost (novice TeCj)
  3754 | D:4      | Killed CcS's ghost
  3754 | D:4      | Reached skill level 7 in Maces & Flails
  3754 | D:4      | Reached XP level 7. HP: 46/46 MP: 7/7
  3976 | D:5      | Entered Level 5 of the Dungeon
  3985 | D:5      | Found a basalt altar of Yredelemnul.
  4008 | D:5      | Noticed Sigmund
  4015 | D:5      | Killed Sigmund
  4113 | D:5      | Reached * piety under Hepliaklqana
  4235 | D:5      | Reached skill level 8 in Maces & Flails
  4516 | D:5      | Reached XP level 8. HP: 35/52 MP: 8/8
  4541 | D:5      | Reached skill level 9 in Maces & Flails
  4971 | D:6      | Found a bloodstained altar of Trog.
  5121 | D:6      | Reached ** piety under Hepliaklqana
  5122 | D:6      | Remembered your ancestor Edmée as a battlemage
  5236 | D:6      | Noticed Menkaure
  5242 | D:6      | Killed Menkaure
  5242 | D:6      | Reached skill level 10 in Maces & Flails
  5389 | D:6      | Found a snail-covered altar of Cheibriados.
  5470 | D:6      | Found a staircase to the Ecumenical Temple.
  5515 | D:6      | Noticed Blork the orc
  5526 | D:6      | Killed Blork the orc
  5806 | D:7      | Reached XP level 9. HP: 56/56 MP: 9/9
  5817 | D:7      | Reached skill level 11 in Maces & Flails
  5867 | D:7      | Found a glowing golden altar of the Shining One.
  6162 | D:7      | Reached *** piety under Hepliaklqana
  6354 | D:8      | Found a flagged portal.
  6363 | Bailey   | Entered a bailey
  6371 | Bailey   | Reached skill level 12 in Maces & Flails
  6852 | Bailey   | Noticed sveltemanboy's ghost (journeyman DsGl)
  7029 | Bailey   | Gained mutation: You regenerate health from kills. [demonic ancestry]
  7029 | Bailey   | Reached XP level 10. HP: 55/63 MP: 10/10
  7044 | Bailey   | Killed sveltemanboy's ghost
  7044 | Bailey   | Reached skill level 13 in Maces & Flails
  7717 | D:8      | Reached skill level 14 in Maces & Flails
  7768 | D:8      | Noticed Prince Ribbit
  7963 | D:8      | Found a staircase to the Lair.
  8149 | D:8      | Reached **** piety under Hepliaklqana
  8169 | D:8      | Gained mutation: You are resistant to hostile enchantments. (MR+) [mutagenic meat]
  9002 | D:10     | Entered Level 10 of the Dungeon
  9166 | D:10     | Noticed a hill giant
  9203 | D:10     | Slain by a hill giant

Vault maps used:
D:1:      erik_arrival_triangle_small
D:2:      led_sif_pool
D:3:      ecumenical_altar_2
D:4:      lemuel_crystal_altar, first_bread, uniq_grinder
D:5:      yredelemnul_altar_generic, uniq_sigmund
D:6:      bloody_trog, cheibriados_altar_1, uniq_menkaure, uniq_blork_the_orc
D:7:      tso_oasis_becter, the_bakery
D:8:      lair_0_dummy, enter_bailey_2, uniq_prince_ribbit1
D:10:     nicolae_qazlal_general_emergency
Bailey:   bailey_polearm_flooded_kennysheep, bailey

Skill      XL: |  1  2  3  4  5  6  7  8  9 10 |
---------------+-------------------------------+-----
Maces & Flails | 2 3 4 6 7 8 10 12 14 | 14.7
Fighting       | |  3.0
Armour         | |  2.6
Shields        | |  2.6

Action                   |  1- 3 |  4- 6 |  7- 9 | 10-12 || total
-------------------------+-------+-------+-------+-------++-------
Melee: Flail             |   145 |   129 |   290 |   220 ||   784
       Headbutt          |    18 |    21 |    56 |    46 ||   141
Invok: Ancestor Life: Ba |       |       |     1 |       ||     1
       Recall Ancestor   |       |       |     1 |       ||     1
  Use: Potion            |       |     3 |     5 |     1 ||     9
       Scroll            |       |       |     6 |       ||     6
 Stab: Distracted        |       |       |       |     1 ||     1
  Eat: Chunk             |     3 |     4 |     6 |     1 ||    14
       Meat ration       |       |     1 |       |     2 ||     3
       Royal jelly       |       |       |     1 |       ||     1
Armor: Scale mail        |    68 |    51 |   113 |       ||   232
       Skin              |       |     7 |       |       ||     7
       Plate armour      |       |       |     4 |   139 ||   143
Dodge: Dodged            |    34 |    39 |    75 |    26 ||   174
Block: Shield            |    61 |    59 |   139 |   131 ||   390
